 Dungeon Crawl Stone Soup version 0.29.0-4-gdea44cf6ec (webtiles) character file.

Game seed: 15317735686071107800

150 qw the Chopper (level 5, -7/30 HPs)
             Began as a Tengu Warper on Aug 28, 2022.
             Killed by divine providence
             ... invoked by an orc priest
              (12 damage)
             ... on level 3 of the Dungeon.
             The game lasted 00:00:17 (2687 turns).

qw the Chopper (Tengu Warper)                       Turns: 2687, Time: 00:00:17

Health: -7/30      AC:  6    Str: 17    XL:     5   Next: 32%
Magic:  9/9        EV: 13    Int: 13    God:
Gold:   99         SH:  0    Dex: 12    Spells: 8/8 levels left

rFire   . . .      SeeInvis .   Y - +1 hand axe
rCold   . . .      Faith    .   (no shield)
rNeg    . . .      Spirit   .   i - +0 ring mail
rPois   +          Reflect  .   (helmet restricted)
rElec   .          Harm     .   (no cloak)
rCorr   .          Rampage  .   a - +0 pair of gloves
Will    +....                   (boots unavailable)
Stlth   ++........              (no amulet)
HPRegen 0.10/turn               b - ring of poison resistance
MPRegen 0.11/turn               n - ring of willpower

@: flying quickly and evasively, quick
A: beak, talons 3, nimble flight, camouflage 1, strong 1
a: no special abilities


You were on level 3 of the Dungeon.
You visited 1 branch of the dungeon, and saw 3 of its levels.

You collected 99 gold pieces.


Innate Abilities, Weirdness & Mutations

You have a beak for a mouth.
You have claws for feet.
Your magical nature lets you fly swiftly and evasively.
Your skin changes colour to match your surroundings (Stealth+).
Your muscles are strong. (Str +4, Int/Dex -1)


   Skills:
 - Level 2.0 Fighting
 + Level 5.9 Axes
 - Level 1.0 Throwing
 - Level 1.1 Armour
 - Level 2.1 Dodging
 - Level 2.0 Spellcasting
 - Level 2.4 Translocations


You had 8 spell levels left.
You didn't know any spells.
Your spell library contained the following spells:

 Spells                   Type           Power      Damage    Failure   Level
 Blink                    Tloc           14%        N/A       26%         2
 Gell's Gravitas          Tloc           7%         N/A       47%         3
 Lesser Beckoning         Tloc           7%         N/A       47%         3
 Teleport Other           Tloc           7%         N/A       47%         3
 Manifold Assault         Tloc           7%         N/A       99%         5

Inventory:

Hand Weapons
 j - a +0 club
 Y - a +1 hand axe (weapon)
Armour
 a - a +0 pair of gloves (worn)
 i - a +0 ring mail (worn)
Jewellery
 b - a ring of poison resistance (left hand)
 n - a ring of willpower (right hand)
Wands
 l - a wand of digging (1)
Scrolls
 c - a scroll of silence {unknown}
Potions
 d - a potion of curing {unknown}
 e - a potion of ambrosia {unknown}
 f - 2 potions of mutation
 g - a potion of cancellation {unknown}
 h - a potion of heal wounds {unknown}
 k - a potion of invisibility {unknown}

Dungeon Overview and Level Annotations

Branches:
Dungeon (3/15)

Altars:

Annotations:
D:2 1 runed translucent door, Crazy Yiuf


Message History

You hit the orc but do no damage. You claw the orc!
You kill the orc!
You barely miss the orc. You claw the orc.
The orc is moderately wounded.
The orc hits you with a +0 whip.
You slash the orc!
You kill the orc!
You start resting.
An orc priest comes into view. It is wielding a +0 trident.
2679 ||| Stepping ~*~*~tactically~*~*~ (stealth).
You start resting.
An orc priest is nearby!
An orc priest comes into view. It is wielding a +0 flail.
You see here a +0 flail.
You strike the helpless orc priest from behind!
You hit the orc priest.
You claw the orc priest, but do no damage.
The orc priest is lightly wounded.
The orc priest mumbles some strange prayers to Beogh against you.
Beogh smites you! The orc priest barely misses you.
You hit the orc priest. You claw the orc priest. You peck the orc priest.
The orc priest is almost dead.
The orc priest invokes the aid of Beogh against you.
You resist with some effort.
The orc priest invokes the aid of Beogh against you.
Beogh smites you!
You hit the orc priest.
You kill the orc priest!
You hit the orc priest but do no damage.
You peck the orc priest, but do no damage.
The orc priest barely misses you.
You hit the orc priest but do no damage.
You claw the orc priest, but do no damage.
The orc priest hits you with a +0 flail.
You hit the orc priest but do no damage.
You claw the orc priest.
The orc priest is moderately wounded.
The orc priest invokes the aid of Beogh against you.
Beogh smites you!
You die...

..~...~..[..~...###
....#....~....#...#
).~...~.....~...~.#
#.......#.#.......#
...#.#.¤.....#.#.##
.~.....~...¤¤...)######
....~....#....~.......#
.~.....¤...¤...)o####.#
?..#.#.......#.#@##
#.......#¤#....)..#
..~.¤...~...~?#
¤~....#...# ¤...~...~..
.#.......#. ...¤#.#.#..
..~.....#. # ....~.# .


You could see an orc priest.

Vanquished Creatures
  An orc priest (D:3)
  Robin (D:2)
  3 adders
  A worm (D:2)
  A dart slug (D:1)
  4 orcs (D:3)
  5 ball pythons
  8 bats
  5 endoplasms
  3 giant cockroaches
  12 goblins
  7 hobgoblins
  2 jackals (D:2)
  4 kobolds
  3 quokkas (D:1)
  2 frilled lizards
  8 rats
70 creatures vanquished.

Notes
Turn   | Place    | Note
-------+----------+-------------------------------------------
     0 | D:1      | qw the Tengu Warper began the quest for the Orb.
     0 | D:1      | Reached XP level 1. HP: 12/12 MP: 4/4
     0 | D:1      | 0 ||| qw: Version: 0.1-a-89-g26bdef1
     0 | D:1      | 0 ||| qw: Game counter: 2277
     0 | D:1      | 0 ||| qw: Always use a shield: true
     0 | D:1      | 0 ||| qw: God list: Okawaru
     0 | D:1      | 0 ||| qw: Allow faded altars: false
     0 | D:1      | 0 ||| qw: Do Orc after D:15 true
     0 | D:1      | 0 ||| qw: Do second Lair branch before Depths: true
     0 | D:1      | 0 ||| qw: Lair rune preference: random
     0 | D:1      | 0 ||| qw: Plans: Normal
     0 | D:1      | 0 ||| PLANNING D:1-11
   146 | D:1      | Found a faded altar of an unknown god.
   152 | D:1      | Reached skill level 3 in Axes
   152 | D:1      | Reached XP level 2. HP: 15/17 MP: 6/6
   210 | D:1      | 210 ||| Stepping ~*~*~tactically~*~*~ (stealth).
   219 | D:1      | 219 ||| Stepping ~*~*~tactically~*~*~ (stealth).
   222 | D:1      | 222 ||| Stepping ~*~*~tactically~*~*~ (hiding).
   465 | D:1      | Reached XP level 3. HP: 18/21 MP: 7/7
  1091 | D:1      | Reached skill level 4 in Axes
  1092 | D:1      | 1092 ||| UPGRADING to +0 ring mail.
  1102 | D:1      | 1102 ||| DROPPING +0 leather armour.
  1103 | D:1      | 1103 ||| READING scroll labelled RIAPPE LITO.
  1104 | D:1      | 1104 ||| READING 2 scrolls labelled BAETYI DOENONE.
  1105 | D:1      | 1105 ||| READING scroll labelled GECZAG SEGGUL.
  1106 | D:1      | 1106 ||| READING scroll labelled GIODUAHONO.
  1110 | D:1      | 1110 ||| DRINKING 3 puce potions.
  1110 | D:1      | Gained mutation: Your muscles are strong. (Str +4, Int/Dex
                  | -1) [potion of mutation]
  1110 | D:1      | Gained mutation: Your skin changes colour to match your
                  | surroundings (Stealth+). [potion of mutation]
  1111 | D:1      | 1111 ||| DROPPING scroll of blinking.
  1112 | D:1      | 1112 ||| DROPPING scroll of fear.
  1157 | D:2      | 1157 ||| STAIRDANCE
  1165 | D:2      | 1165 ||| STAIRDANCE
  1532 | D:2      | Found a runed translucent door.
  1533 | D:2      | Noticed Crazy Yiuf
  1635 | D:2      | 1635 ||| Stepping ~*~*~tactically~*~*~ (stealth).
  1648 | D:2      | 1648 ||| Stepping ~*~*~tactically~*~*~ (hiding).
  1650 | D:2      | Reached XP level 4. HP: 26/26 MP: 8/8
  1657 | D:2      | Noticed Robin
  1660 | D:2      | 1660 ||| FLEEEEING.
  1662 | D:2      | 1662 ||| Stepping ~*~*~tactically~*~*~ (stealth).
  1681 | D:2      | Killed Robin
  1682 | D:2      | Reached skill level 5 in Axes
  1989 | D:2      | 1989 ||| Stepping ~*~*~tactically~*~*~ (stealth).
  1998 | D:2      | 1998 ||| Stepping ~*~*~tactically~*~*~ (stealth).
  2000 | D:2      | 2000 ||| Stepping ~*~*~tactically~*~*~ (stealth).
  2002 | D:2      | 2002 ||| Stepping ~*~*~tactically~*~*~ (stealth).
  2003 | D:2      | 2003 ||| Stepping ~*~*~tactically~*~*~ (stealth).
  2007 | D:2      | 2007 ||| Stepping ~*~*~tactically~*~*~ (stealth).
  2008 | D:2      | 2008 ||| Stepping ~*~*~tactically~*~*~ (stealth).
  2260 | D:2      | 2260 ||| UPGRADING to +0 pair of gloves.
  2265 | D:2      | 2265 ||| UPGRADING to ring of poison resistance.
  2266 | D:2      | 2266 ||| UPGRADING to ring of willpower.
  2267 | D:2      | 2267 ||| READING scroll labelled MAENEO MUPATY.
  2268 | D:2      | 2268 ||| READING 2 scrolls labelled ZYNE HUAVYWK.
  2269 | D:2      | 2269 ||| READING scroll labelled ITEBBONEAFF.
  2270 | D:2      | 2270 ||| DROPPING scroll of magic mapping.
  2431 | D:3      | 2431 ||| Stepping ~*~*~tactically~*~*~ (stealth).
  2448 | D:3      | 2448 ||| FLEEEEING.
  2449 | D:3      | 2449 ||| FLEEEEING.
  2450 | D:3      | 2450 ||| FLEEEEING.
  2451 | D:3      | 2451 ||| FLEEEEING.
  2452 | D:3      | 2452 ||| FLEEEEING.
  2453 | D:3      | 2453 ||| FLEEEEING.
  2454 | D:3      | 2454 ||| FLEEEEING.
  2455 | D:3      | 2455 ||| FLEEEEING.
  2456 | D:3      | 2456 ||| FLEEEEING.
  2457 | D:3      | 2457 ||| FLEEEEING.
  2458 | D:3      | 2458 ||| FLEEEEING.
  2459 | D:3      | 2459 ||| FLEEEEING.
  2460 | D:3      | 2460 ||| FLEEEEING.
  2461 | D:3      | 2461 ||| STAIRDANCE
  2658 | D:3      | Gained mutation: Your magical nature lets you fly swiftly
                  | and evasively. [Tengu growth]
  2658 | D:3      | Reached XP level 5. HP: 30/30 MP: 9/9
  2658 | D:3      | 2658 ||| Stepping ~*~*~tactically~*~*~ (stealth).
  2661 | D:3      | 2661 ||| Stepping ~*~*~tactically~*~*~ (stealth).
  2663 | D:3      | 2663 ||| Stepping ~*~*~tactically~*~*~ (stealth).
  2679 | D:3      | 2679 ||| Stepping ~*~*~tactically~*~*~ (stealth).
  2686 | D:3      | HP: 5/30 [orc priest/+0 flail (4)]
  2687 | D:3      | Killed from afar by an orc priest

Levels and vault maps discovered:
D:1:      dreamdust_arrival_sigmund_warning, layout_basic,
          basic_ecumenical_altar, nicolae_figureground_sparkle
D:2:      minmay_angry_zag, layout_loops_ring, uniq_crazy_yiuf_cottage,
          uniq_robin
D:3:      layout_loops_ring, marbit_many_paths, overflow_temple_1_default,
          nicolae_kite_square_tiling_tiny, nicolae_figureground_pulse

Skill      XL: |  1  2  3  4 |
---------------+-------------+-----
Axes           | 3 4 5 |  5.9
Fighting       | |  2.0
Throwing       | |  1.0
Armour         | |  1.1
Dodging        | |  2.1
Spellcasting   | |  2.0
Translocations | |  2.4

Action                   |  1- 3 |  4- 6 || total
-------------------------+-------+-------++-------
Melee: Hand axe          |    68 |    77 ||   145
       Peck              |     5 |    16 ||    21
       Kick              |    18 |    14 ||    32
Throw: Boomerang         |     7 |       ||     7
  Use: Scroll            |     4 |     3 ||     7
       Potion            |     1 |       ||     1
 Stab: Sleeping          |     1 |       ||     1
       Distracted        |       |     1 ||     1
Armor: Leather armour    |     9 |       ||     9
       Ring mail         |    10 |    18 ||    28
Dodge: Dodged            |    31 |    48 ||    79

Table legend:
 A = Non-vault XP
 B = Vault XP
 C = Vault XP percentage of total XP
 D = Non-vault monster count
 E = Vault monster count
 F = Vault count percentage of total count
                 A         B        C        D         E       F
            +---------+---------+-------+---------+---------+-------
      Total |     173 |      42 |  19.5 |      53 |      17 |  24.3
            +---------+---------+-------+---------+---------+-------
        D:1 |      48 |       0 |   0.0 |      27 |       0 |   0.0
        D:2 |      38 |      42 |  52.5 |      14 |      17 |  54.8
        D:3 |      87 |       0 |   0.0 |      12 |       0 |   0.0
            +---------+---------+-------+---------+---------+-------
